 Dungeon Crawl Stone Soup version 0.19.5 (webtiles) character file.

36 equalderp2856 the Scratcher (level 3, -8/17 HPs)
             Began as a Felid Fighter on Apr 2, 2017.
             Mangled by Sigmund
             ... wielding a +2 scythe of flaming
              (12 damage)
             ... on level 2 of the Dungeon.
             The game lasted 00:02:07 (1120 turns).

equalderp2856 the Scratcher (Felid Fighter)         Turns: 1120, Time: 00:02:07

Health: -8/17      AC:  1    Str: 13    XL:     3   Next: 19%
Magic:  4/4        EV: 19    Int: 14    God:
Gold:   35         SH:  0    Dex: 15    Spells: 0 memorised, 2 levels left
                                        Lives:  0   Deaths: 0

rFire  . . .     SeeInvis +       - Unarmed
rCold  . . .     Gourm    .     (armour unavailable)
rNeg   . . .     Faith    .     (shield unavailable)
rPois  .         Spirit   .     (helmet unavailable)
rElec  .         Reflect  .     (cloak unavailable)
rCorr  .         Harm     .     (gloves unavailable)
MR     .....                    (boots unavailable)
Stlth  +.........               (no amulet)
                                (no ring)
                                (no ring)

@: confused, brilliant, quick
A: no armour, no weapons or thrown items, stealth, claws 1, fangs 3, see
invisible, carnivore 3, speed 1, shaggy fur 1, slow metabolism 1, sharp paws
a: no special abilities


You were on level 2 of the Dungeon.
You were not hungry.

You visited 1 branch of the dungeon, and saw 2 of its levels.

You collected 35 gold pieces.

Inventory:

Scrolls
 d - a scroll of teleportation {unknown}
 e - 3 scrolls of remove curse {unknown}
 f - a scroll of enchant armour {unknown}
 g - a scroll of random uselessness {unknown}
 i - a scroll of blinking {unknown}
 k - a scroll of identify {unknown}
 o - a scroll of fear {unknown}
Potions
 a - 3 potions of might
 h - a potion of curing {unknown}
 j - a potion of heal wounds {unknown}
 l - a potion of brilliance
 m - a potion of invisibility {unknown}
 n - a potion of agility {unknown}
Comestibles
 b - 2 meat rations


   Skills:
 + Level 3.2 Fighting
 + Level 4.2 Dodging
 + Level 1.7 Stealth
 + Level 4.5 Unarmed Combat


You had 2 spell levels left.
You didn't know any spells.

Dungeon Overview and Level Annotations

Branches:
Dungeon (2/15)

Altars:

Annotations:
D:2 Sigmund


Innate Abilities, Weirdness & Mutations

You cannot wear armour.
You are incapable of wielding weapons or throwing items.
Your paws allow you to move quietly. (Stealth)
You have sharp claws.
You have razor-sharp teeth.
You have supernaturally acute eyesight. (SInv)
You are carnivorous and can eat meat at any time.
You cover ground quickly.
You are covered in fur. (AC +1)
You have a slow metabolism.
Your sharp claws are effective at attacking unaware monsters.


Message History

Sigmund completely misses you.
There is an open door here.
Sigmund points at you and mumbles some strange words.
You resist with some effort.
Sigmund flickers, as though insubstantial.
Sigmund points at you and mumbles some strange words.
The magic dart hits you!
You feel less confused. Sigmund casts a spell at you. The magic dart hits you!
Ouch! That really hurt!
* * * LOW HITPOINT WARNING * * *
It was a potion of brilliance.
You feel clever all of a sudden.
It was a potion of ambrosia.
You are confused.
You feel invigorated.
Sigmund hits you from afar with a scythe of flaming!
Ouch! That really hurt!
You die...

..........(.......######
#.####.###....###.#
#.####.#.# #.# ..
#........###.# .
######.#.....# .
##'####### # #. ##...##
#.##.## ##.....##
#...... ##.@.@...##
##...####.........#
#.......'.........+
##...####.........# #..#
##.......## #.#
##.....## #. ##...## #
##+##


You could see Sigmund.

Vanquished Creatures
  An adder (D:2)
  A leopard gecko (D:1)
  3 giant cockroaches (D:1)
  2 jackals (D:1)
  6 bats
  3 frilled lizards
  3 goblins
  3 kobolds (D:1)
  5 rats
27 creatures vanquished.

Vanquished Creatures (others)
  5 toadstools (D:1)
5 creatures vanquished.

Grand Total: 32 creatures vanquished

Notes
Turn   | Place    | Note
-------+----------+-------------------------------------------
     0 | D:1      | equalderp2856 the Felid Fighter began the quest for the Orb.
     0 | D:1      | Reached XP level 1. HP: 10/10 MP: 2/2
   312 | D:1      | Reached XP level 2. HP: 14/14 MP: 3/3
   395 | D:1      | Reached skill level 1 in Stealth
   825 | D:2      | Reached XP level 3. HP: 17/17 MP: 4/4
  1098 | D:2      | Noticed Sigmund
  1120 | D:2      | Mangled by Sigmund

Skill      XL: |  1  2 |
---------------+-------+-----
Stealth        | 1 |  1.7
Fighting       | |  3.2
Dodging        | |  4.2
Unarmed Combat | |  4.5

Action                   || total
-------------------------++-------
Melee: Unarmed           ||    58
       Bite              ||     4
       Punch             ||     1
  Use: Potion            ||     2
 Stab: Sleeping          ||     7
  Eat: Chunk             ||     2
Armor: Skin              ||     6
Dodge: Dodged            ||    58
